 Dungeon Crawl Stone Soup version 0.28.0 (webtiles) character file.

Game seed: 11486793694822259912

1401 dolemite99 the Cleaver (level 8, 0/57 HPs)
             Began as a Hill Orc Fighter on Feb 6, 2022.
             Was a Follower of Hepliaklqana.
             Slain by an ogre (12 damage)
             ... on level 6 of the Dungeon.
             The game lasted 00:06:58 (7680 turns).

dolemite99 the Cleaver (Hill Orc Fighter)           Turns: 7680, Time: 00:06:59

Health: 0/57       AC:  9    Str: 21    XL:     8   Next: 69%
Magic:  8/8        EV:  9    Int:  8    God:    Hepliaklqana [*.....]
Gold:   342        SH:  4    Dex: 10    Spells: 7/7 levels left

rFire   . . .      SeeInvis .   D - +0 war axe
rCold   . . .      Faith    .   c - +0 buckler
rNeg    . . .      Spirit   .   f - +0 scale mail
rPois   .          Reflect  .   u - +0 helmet
rElec   .          Harm     .   x - scarf {repulsion}
rCorr   .          Rampage  .   (no gloves)
Will    .....                   v - +0 pair of boots
Stlth   ..........              (no amulet)
HPRegen 0.19/turn               (no ring)
MPRegen 0.11/turn               (no ring)

@: repel missiles
A: reduced essence
a: Renounce Religion, Recall Ancestor, Ancestor Identity


You were on level 6 of the Dungeon.
You worshipped Hepliaklqana.
Hepliaklqana was aware of your devotion.
You visited 2 branches of the dungeon, and saw 7 of its levels.

You collected 342 gold pieces.

Inventory:

Hand Weapons
 a - a +3 whip of draining
 b - a +1 hunting sling of freezing
 g - a +0 hunting sling
 i - a +2 dagger of venom
 m - a +1 short sword of holy wrath
 B - a +0 vorpal flail
 D - a +0 war axe (weapon)
Missiles
 d - 7 silver boomerangs (quivered)
 h - 194 stones
 F - 19 bolts
 I - 17 sling bullets
Armour
 c - a +0 buckler (worn)
 f - a +0 scale mail (worn)
 u - a +0 helmet (worn)
 v - a +0 pair of boots (worn)
 x - a scarf of repulsion (worn)
Magical Staves
 j - a staff of cold
 r - a staff of death
 E - a staff of fire
Jewellery
 p - a ring of fire
 s - a ring of positive energy
 z - a ring of wizardry
 H - an amulet of the acrobat
Wands
 l - a wand of polymorph (17)
 y - a wand of flame (14)
 G - a wand of paralysis (5)
Scrolls
 k - a scroll of blinking
 q - 3 scrolls of magic mapping
 A - a scroll of vulnerability {unknown}
 C - a scroll of fear {unknown}
 J - a scroll of brand weapon {unknown}
 K - a scroll of immolation {unknown}
Potions
 e - 2 potions of heal wounds
 n - a potion of degeneration {unknown}
 o - 3 potions of lignification
 t - 2 potions of magic {unknown}
 w - a potion of curing {unknown}


   Skills:
 - Level 3.6 Fighting
 - Level 11.3(12.3) Axes
 + Level 6.4(8.9) Maces & Flails
 - Level 3.2 Armour
 - Level 3.2 Shields


You had 7 spell levels left.
You didn't know any spells.
Your spell library contained the following spells:

 Spells                   Type           Power      Damage    Failure   Level
 Slow                     Hex            0%         N/A       83%         1
 Confusing Touch          Hex            0%         N/A       99%         3
 Vampiric Draining        Necr           0%         2d6       99%         3


Dungeon Overview and Level Annotations

Branches:
Dungeon (6/15)             Temple (1/1) D:5

Altars:
Dithmenos
Elyvilon
Fedhas
Hepliaklqana
Makhleb
Qazlal
Sif Muna
Trog
Uskayaw
Vehumet
Xom
Yredelemnul
Zin


Message History

A white imp is nearby!
A white imp is nearby!
There is an open door here.
Found 2 boomerangs.
The white imp grins evilly.
The white imp gestures at you.
The puff of frost hits you but does no damage.
The white imp barely misses you.
You hit the white imp but do no damage. The white imp gestures at you.
The puff of frost misses you.
You slash the white imp!
You kill the white imp!
No target in view!
No target in view!
No target in view!
o - 3 potions of lignification (gained 1)
An ogre comes into view. It is wielding a +0 giant spiked club.
The ogre shouts!
The ogre moves out of view.
You slash the ogre!
The ogre is heavily wounded.
Tawil hits the ogre.
The ogre hits you with a +0 giant spiked club!!
You are too injured to fight recklessly!
You are too injured to fight recklessly!
You are too injured to fight recklessly!
You are too injured to fight recklessly!
You barely miss the ogre.
The ogre is severely wounded.
Tawil completely misses the ogre.
The ogre hits you with a +0 giant spiked club!!
* * * LOW HITPOINT WARNING * * *
You hit the ogre.
The ogre is severely wounded.
Tawil hits the ogre.
You hit the ogre but do no damage.
The ogre is almost dead.
The ogre hits you with a +0 giant spiked club!
You die...

#..##..##########'#
#..##..............
#.......#(.........
#.......#..........
#.......#..........
#.......#..........
#..###..#..........
#.R################
#.@O......
#.........
#.........
#.........
#...###..# ###
#...# ..# ##..
#.... .. #... #....
#... #...


You could see the friendly Tawil the ancestor and an ogre (ally target).

Vanquished Creatures
  Edmund (D:4)
  A sky beast (D:6)
  A black bear (D:4)
  An ice beast (D:3)
  A phantom (D:5)
  Blork the orc (D:4)
  2 scorpions (D:4)
  A wyvern zombie (D:3)
  A wyvern skeleton (D:5)
  3 wights (D:5)
  A bullfrog zombie (D:6)
  An orc priest (D:6)
  2 hounds
  Jessica (D:3)
  An orc wizard (D:6)
  3 iguanas
  Robin (D:3)
  2 gnolls (D:2)
  6 adders
  A white imp (D:6)
  A worm (D:3)
  3 dart slugs
  10 orcs
  6 ball pythons
  4 bats
  6 endoplasms
  3 giant cockroaches
  8 goblins
  6 hobgoblins
  4 jackals (D:3)
  A quokka (D:3)
  3 frilled lizards
  9 kobolds
  5 rats
101 creatures vanquished.

Vanquished Creatures (collateral kills)
  A necrophage (D:6)
  An orc (D:6)
2 creatures vanquished.

Grand Total: 103 creatures vanquished

Notes
Turn   | Place    | Note
-------+----------+-------------------------------------------
     0 | D:1      | dolemite99 the Hill Orc Fighter began the quest for the
                  | Orb.
     0 | D:1      | Reached XP level 1. HP: 19/19 MP: 1/1
    21 | D:1      | Reached skill level 3 in Axes
   367 | D:1      | Reached XP level 2. HP: 26/26 MP: 2/2
  1164 | D:2      | Identified the +1 chain mail of the Imp {rF- rN+ Str+2
                  | Int+2}
  1248 | D:2      | Reached skill level 4 in Axes
  1253 | D:2      | Reached XP level 3. HP: 24/31 MP: 3/3
  1612 | D:2      | Reached skill level 5 in Axes
  1825 | D:2      | Identified the +8 dagger of Makhleb's Anger {vamp, rElec
                  | rN+ Str-4}
  1884 | D:2      | Reached XP level 4. HP: 5/39 MP: 4/4
  2399 | D:3      | HP: 1/39 [wyvern zombie (3)]
  2402 | D:3      | Reached skill level 6 in Axes
  2402 | D:3      | Reached XP level 5. HP: 1/45 MP: 5/5
  2948 | D:3      | Noticed an ice beast
  2966 | D:3      | Killed an ice beast
  2967 | D:3      | Reached skill level 7 in Axes
  3002 | D:3      | Noticed Robin
  3025 | D:3      | Reached skill level 8 in Axes
  3028 | D:3      | Reached XP level 6. HP: 43/51 MP: 6/6
  3033 | D:3      | Killed Robin
  3936 | D:3      | Noticed Jessica
  3946 | D:3      | Killed Jessica
  4280 | D:4      | Reached skill level 9 in Axes
  4286 | D:4      | Reached XP level 7. HP: 57/57 MP: 7/7
  4316 | D:4      | Reached skill level 10 in Axes
  4643 | D:4      | Noticed Blork the orc
  4655 | D:4      | Killed Blork the orc
  5308 | D:4      | Noticed Edmund
  5319 | D:4      | Killed Edmund
  5320 | D:4      | Reached skill level 11 in Axes
  5651 | D:5      | Entered Level 5 of the Dungeon
  5796 | D:5      | Reached skill level 1 in Maces & Flails
  5845 | D:5      | Reached XP level 8. HP: 42/64 MP: 8/8
  6116 | D:5      | Found a staircase to the Ecumenical Temple.
  6147 | Temple   | Entered the Ecumenical Temple
  6362 | Temple   | Became a worshipper of Hepliaklqana the Forgotten
  7387 | D:6      | Reached * piety under Hepliaklqana
  7396 | D:6      | Found a basalt altar of Yredelemnul.
  7431 | D:6      | Reached skill level 5 in Maces & Flails
  7680 | D:6      | Slain by an ogre

Illustrated notes

Levels and vault maps discovered:
D:1:      scummos_arrival_forest, layout_basic, patterned_corridor
D:2:      layout_basic, kennysheep_potato
D:3:      layout_basic, kennysheep_generic_room_16, uniq_robin, uniq_jessica
D:4:      layout_loops_corners, uniq_blork_the_orc, uniq_edmund
D:5:      layout_basic, minmay_temple_entry_waves, kennysheep_donut
D:6:      layout_gridville, amcnicky_altar_gilded
Temple:   minmay_temple_bridge_abc

Skill      XL: |  1  2  3  4  5  6  7  8 |
---------------+-------------------------+-----
Axes           | 3 4 5 6 8 9 11 | 11.3
Maces & Flails | 2 6 |  6.4
Fighting       | |  3.6
Armour         | |  3.2
Shields        | |  3.2

Action                   |  1- 3 |  4- 6 |  7- 9 || total
-------------------------+-------+-------+-------++-------
Melee: War axe           |    25 |   108 |   136 ||   269
       Dagger            |     7 |       |       ||     7
 Fire: Hunting sling     |    33 |       |       ||    33
Throw: Stone             |       |    19 |       ||    19
       Dart              |       |     4 |    11 ||    15
       Boomerang         |       |       |    12 ||    12
  Use: Scroll            |     2 |       |     1 ||     3
       Potion            |     1 |     1 |       ||     2
 Stab: Distracted        |       |       |     1 ||     1
Armor: Scale mail        |    11 |    53 |    38 ||   102
Dodge: Dodged            |    18 |    44 |    47 ||   109
Block: Buckler           |    12 |    25 |    16 ||    53
